Map: Lerilak Crest

Players

Nars - Winner!

  • Race: Protoss Protoss
  • League: Master

ReacH

  • Race: Protoss Protoss
  • League: Diamond

VOD

Have the link to the VOD?

Description

Time

  • Played on: March 10, 2016, 8:01 p.m.
  • Length: 6:02
Show
View Real Time Build Order
Export as new Build Order

Nars Protoss - Winner!

Build Orders: Blink Stalkers 

Get SALT Encoding   

  12  0:01  Probe (Chrono Boost)  
  13  0:11  Probe (Chrono Boost)  
  14  0:18  Pylon  
  14  0:22  Probe (Chrono Boost)  
  15  0:36  Probe (Chrono Boost)  
  15  0:38  Gateway  
  16  0:46  Assimilator  
  16  0:48  Probe (Chrono Boost)  
  17  0:57  Assimilator  
  17  0:59  Probe (Chrono Boost)  
  18  1:09  Probe (Chrono Boost)  
  19  1:12  Gateway  
  19  1:20  Probe (Chrono Boost)  
  20  1:31  Probe (Chrono Boost), Cybernetics Core  
  21  1:41  Pylon  
  21  1:46  Probe (Chrono Boost)  
  22  1:56  Probe (Chrono Boost)  
  23  2:07  Warp Gate (Chrono Boost)  
  23  2:09  Twilight Council  
  23  2:15  Mothership Core  
  25  2:19  Pylon  
  25  2:40  Gateway  
  25  2:46  Blink (Chrono Boost)  
  25  2:52  Gateway  
  25  2:57  Pylon  
  25  3:03  Pylon  
  25  3:31  Forge  
  25  3:55  Stalker x4  
  33  4:04  Photon Cannon  
  33  4:19  Stalker x3  
  39  4:25  Stalker  
  41  4:45  Stalker  
  43  4:51  Stalker  
  43  5:07  Dark Shrine  
  43  5:08  Stalker  
  45  5:34  Stalker x3  
  51  5:43  Stalker  
Show
View Real Time Build Order
Export as new Build Order

ReacH Protoss 

Build Orders: Blink Stalkers 

Get SALT Encoding   

  12  0:01  Probe (Chrono Boost)  
  13  0:11  Probe (Chrono Boost)  
  14  0:18  Pylon  
  14  0:23  Probe (Chrono Boost)  
  15  0:36  Probe (Chrono Boost)  
  15  0:37  Gateway  
  16  0:45  Assimilator  
  16  0:47  Probe (Chrono Boost)  
  17  0:59  Probe (Chrono Boost), Assimilator  
  18  1:05  Gateway  
  18  1:11  Assimilator  
  18  1:24  Probe (Chrono Boost)  
  19  1:26  Cybernetics Core  
  19  1:31  Pylon  
  19  1:36  Probe (Chrono Boost)  
  20  1:47  Probe (Chrono Boost)  
  21  1:57  Probe (Chrono Boost)  
  22  2:07  Twilight Council  
  22  2:09  Probe (Chrono Boost)  
  23  2:21  Warp Gate  
  23  2:31  Nexus  
  23  2:44  Blink (Chrono Boost)  
  23  2:50  Stalker  
  25  2:58  Stalker  
  27  3:10  Pylon, Mothership Core  
  29  3:21  Stalker  
  31  3:28  Stalker  
  33  3:37  Probe  
  34  3:41  Pylon  
  34  3:42  Probe  
  35  3:49  Probe  
  35  3:53  Stalker  
  35  3:55  Probe  
  38  4:01  Stalker  
  41  4:06  Probe  
  42  4:15  Probe  
  43  4:20  Probe (Chrono Boost), Robotics Facility  
  44  4:31  Probe (Chrono Boost)  
  45  4:32  Probe (Chrono Boost)  
  45  4:34  Stalker  
  46  4:51  Stalker  
  48  4:57  Stalker, Pylon  
  50  5:02  Gateway  
  48  5:12  Probe (Chrono Boost)  
  52  5:14  Probe  
  52  5:16  Pylon  
  54  5:29  Stalker  
  54  5:30  Stalker  
  52  5:47  Gateway  
  52  5:54  Pylon  
Tags
 
Add a new tag
Caveats
  • Supply blocks, unpowered buildings, or Contaminate may cause inaccurate times.
  • Supply counts are checked every 10 seconds.